 Dungeon Crawl Stone Soup version 0.31-a0-819-gf6de2f5ab6 (webtiles) character file.

Game seed: 1888994894805877654

2708 qw the Skirmisher (level 9, 0/57 HPs)
             Began as a Gargoyle Hunter on Sept 23, 2023.
             Was a Believer of Okawaru.
             Blown up by Maurice (13 damage)
             ... with a mindburst bolt
             ... on level 8 of the Dungeon.
             The game lasted 00:01:55 (5726 turns).

qw the Skirmisher (Gargoyle Hunter)                 Turns: 5726, Time: 00:01:55

Health: 0/57       AC: 11    Str: 14    XL:     9   Next: 66%
Magic:  12/12      EV: 13    Int: 11    God:    Okawaru [**....]
Gold:   210        SH:  0    Dex: 17    Spells: 8/8 levels left

rFire   + . .        Y - +1 arbalest
rCold   + . .        (shield currently unavailable)
rNeg    + . .        m - +1 robe {rC+ rF+}
rPois   inf          e - +0 helmet
rElec   +            n - +0 cloak
rCorr   .            (no gloves)
SInv    +            (no boots)
Will    .....        (no amulet)
Stlth   ++           a - ring of see invisible
HPRegen 0.29/turn    (no ring)
MPRegen 0.13/turn

%: no passive effects
@: no status effects
A: sickness immunity, AC +6, negative energy resistance 1, electricity
resistance, torment resistance 1, petrification resistance
a: Renounce Religion, Heroism


You were on level 8 of the Dungeon.
You worshipped Okawaru.
Okawaru was pleased with you.
You visited 2 branches of the dungeon, and saw 9 of its levels.

You collected 306 gold pieces.
You spent 96 gold pieces at shops.


Innate Abilities, Weirdness & Mutations

You are immune to sickness and miasma.
Your stone body is resilient. (AC +6)
You are immune to poison.
You resist negative energy. (rN+)
You are resistant to electric shocks. (rElec)
You are resistant to unholy torment.
You are immune to petrification.


   Skills:
 - Level 7.1 Fighting
 - Level 10.5 Ranged Weapons
 - Level 3.0 Armour
 + Level 2.6 Dodging
 - Level 1.1 Stealth
 - Level 4.4 Invocations


You had 8 spell levels left.
You didn't know any spells.
Your spell library was empty.

Inventory:

Hand Weapons
 Y - a +1 arbalest (weapon)
Armour
 e - a +0 helmet (worn)
 m - a +1 robe of resistance (worn)
 n - a +0 cloak (worn)
 s - +0 steam dragon scales
Jewellery
 a - a ring of see invisible (left hand)
Scrolls
 d - a scroll of identify
 k - 4 scrolls of teleportation
Potions
 b - a potion of haste
 f - 2 potions of might
 g - a potion of mutation
 i - a potion of cancellation
 j - a potion of resistance
 l - 3 potions of curing
 q - a potion of heal wounds {unknown}
 r - a potion of brilliance {unknown}

Dungeon Overview and Level Annotations

Branches:
Dungeon (8/15)             Temple (1/1) D:4
   Lair: D:8-11

Altars:
Ashenzari
Cheibriados
Dithmenos
Elyvilon
Fedhas
Gozag
Kikubaaqudgha
Makhleb
Nemelex Xobeh
Okawaru
Qazlal
Ru
Sif Muna
Trog
Uskayaw
Vehumet
Wu Jian
Xom
Yredelemnul
Zin
The Shining One

Shops:
D:6 [

Annotations:
D:4 2 transporters, qw's ghost, amateur GrHu
D:8 Maurice


Message History

What level of the Dungeon? (default 7, ? - help)
There is a stone staircase leading down here.
You climb downwards.
You hear the roar of battle.
There is an entrance to a bailey on this level.
Hurry and find it before the portal closes forever!
The white imp shouts!
Found an escape hatch in the ceiling and an escape hatch in the floor.
There is a stone staircase leading up here.
There are monsters nearby!
Waypoint 8 assigned to D:8.
5722 |||
Found retreat position at 6,-6 (floor) with 0 blocking monsters and 3 monsters attacking at destination at distance 6 x2
5722 ||| RETREEAATING.
A yak comes into view.
5723 |||
Found retreat position at -2,0 (floor) with 0 blocking monsters and 3 monsters attacking at destination at distance 2
5723 ||| STILL RETREEAATING.
A centaur comes into view.
The yak bellows!
The centaur shouts!
The yak bellows!
You hear a shout! x2
The centaur wields a +0 shortbow.
The centaur shoots an arrow.
The arrow misses you.
Maurice the Thief comes into view.
He is wielding a +0 short sword, wearing a +1 cloak of willpower and carrying a wand of mindburst.
You hear a shout!
5724 |||
Found retreat position at -3,1 (floor) with 0 blocking monsters and 4 monsters attacking at destination at distance 3
5724 ||| Stepping ~*~*~tactically~*~*~ (retreating).
The yak attacks as it pursues you! The yak gores you!
Maurice zaps a wand.
Your mind is blasted!
5725 |||
Found retreat position at -2,0 (floor) with 0 blocking monsters and 4 monsters attacking at destination at distance 2
5725 ||| Stepping ~*~*~tactically~*~*~ (retreating).
The centaur shoots an arrow.
The arrow hits you. The white imp gestures at you.
The puff of frost hits you but does no damage.
Maurice zaps a wand.
Your mind is blasted!
There is a stone staircase leading up here.
5726 |||
Found retreat position at -1,-1 (floor) with 0 blocking monsters and 4 monsters attacking at destination at distance 1
5726 ||| Stepping ~*~*~tactically~*~*~ (retreating).
The centaur shoots an arrow.
The arrow hits you.
The centaur shoots an arrow.
The arrow barely misses you. The white imp gestures at you.
The puff of frost hits you but does no damage.
You resist.
Maurice zaps a wand.
Your mind is blasted!
You die...

....... .. #.#.
.#.... ##... ....
....##.#.# ...
#........ #
...##......##..
....5.......... .
...c....Y.Y....
... #.#...Y.....
.....#@#....#####
........Y....#
#.#....<.....#.#
....###......#...
#.# @......####
.. .......... .
............
##>..#......#
##.. #....##


You could see Maurice, a yak, a centaur and a white imp.

Vanquished Creatures
  Pikel (D:7)
  Jeremiah (D:7)
  Grinder (D:4)
  A steam dragon (D:7)
  A water moccasin (D:7)
  Duvessa (D:4)
  2 sky beasts
  2 ice beasts
  A black bear (D:7)
  An ogre (D:4)
  4 lemures (D:7)
  A phantom (D:5)
  A kobold brigand (D:6)
  A bullfrog (D:7)
  3 wights (D:6)
  Dowan (D:4)
  A howler monkey (D:5)
  2 hounds
  2 jellies (D:5)
  A sleepcap (D:6)
  An iguana (D:7)
  2 orc wizards (D:4)
  4 gnolls (D:6)
  6 adders
  A shadow imp (D:5)
  2 white imps (D:6)
  An ufetubus (D:3)
  2 worms
  3 dart slugs
  5 orcs
  6 ball pythons
  A bat (D:2)
  6 endoplasms
  7 hobgoblins
  3 jackals (D:2)
  2 quokkas (D:4)
  4 frilled lizards
  8 goblins
  11 kobolds
  5 rats
109 creatures vanquished.

Notes
Turn   | Place    | Note
-------+----------+-------------------------------------------
     0 | D:1      | qw the Gargoyle Hunter began the quest for the Orb.
     0 | D:1      | Reached XP level 1. HP: 12/12 MP: 1/1
     0 | D:1      | 0 ||| qw: Version: 0.3-a-83-gcd0e7d8
     0 | D:1      | 0 ||| qw: Game counter: 1512
     0 | D:1      | 0 ||| qw: Melee chars always use a shield: true
     0 | D:1      | 0 ||| qw: God list: Okawaru
     0 | D:1      | 0 ||| qw: Allow faded altars: false
     0 | D:1      | 0 ||| qw: Do Orc after clearing Dungeon:15 true
     0 | D:1      | 0 ||| qw: Do second Lair branch before Depths: true
     0 | D:1      | 0 ||| qw: Lair rune preference: random
     0 | D:1      | 0 ||| qw: Goals: Normal
     0 | D:1      | 0 ||| PLANNING D:1-11
   211 | D:1      | Reached XP level 2. HP: 17/17 MP: 2/2
   706 | D:1      | 706 ||| READING scroll labelled TYILECILIK.
   710 | D:1      | 710 ||| READING 3 scrolls labelled URPHENOJOGGESS.
   711 | D:1      | 711 ||| READING scroll labelled LUAHEMY MYHAV.
   712 | D:1      | 712 ||| READING 2 scrolls labelled RYRGHA CEHOXO.
   713 | D:1      | 713 ||| READING scroll labelled WOSIXEAFUILL.
   814 | D:1      | 814 ||| READING scroll labelled LAJAODONAH.
   815 | D:1      | 815 ||| DROPPING scroll of butterflies.
   816 | D:1      | 816 ||| DROPPING 2 scrolls of revelation.
   817 | D:1      | 817 ||| DROPPING scroll of noise.
  1045 | D:2      | Reached XP level 3. HP: 21/21 MP: 3/3
  1173 | D:2      | Reached skill level 5 in Ranged Weapons
  1644 | D:2      | 1644 ||| UPGRADING to +0 helmet.
  1649 | D:2      | 1649 ||| UPGRADING to ring of see invisible.
  1650 | D:2      | 1650 ||| READING scroll labelled XOH QIB HA LUWK.
  1651 | D:2      | 1651 ||| READING scroll labelled SIKUJU LUROA.
  1652 | D:2      | 1652 ||| DRINKING 2 pink potions.
  1653 | D:2      | 1653 ||| DRINKING 2 metallic white potions.
  1654 | D:2      | 1654 ||| DROPPING potion of attraction.
  1696 | D:3      | 1696 ||| STAIRDANCE
  1706 | D:2      | Reached skill level 3 in Fighting
  1745 | D:3      | Found a sparkling altar of Nemelex Xobeh.
  1763 | D:3      | Reached XP level 4. HP: 28/28 MP: 4/4
  1861 | D:3      | 1861 ||| SWAPPING to +0 arbalest.
  1863 | D:3      | 1863 ||| DROPPING +1 shortbow.
  1973 | D:3      | 1973 ||| FLEEEEING.
  1975 | D:3      | 1975 ||| FLEEEEING.
  1976 | D:3      | 1976 ||| FLEEEEING.
  1977 | D:3      | 1977 ||| FLEEEEING.
  1978 | D:3      | 1978 ||| FLEEEEING.
  1979 | D:3      | 1979 ||| FLEEEEING.
  1980 | D:3      | 1980 ||| FLEEEEING.
  1981 | D:3      | 1981 ||| FLEEEEING.
  1982 | D:3      | 1982 ||| FLEEEEING.
  1983 | D:3      | 1983 ||| FLEEEEING.
  1984 | D:3      | 1984 ||| FLEEEEING.
  1985 | D:3      | 1985 ||| FLEEEEING.
  1986 | D:3      | 1986 ||| FLEEEEING.
  1987 | D:3      | 1987 ||| FLEEEEING.
  1988 | D:3      | 1988 ||| FLEEEEING.
  1989 | D:3      | 1989 ||| FLEEEEING.
  1990 | D:3      | 1990 ||| FLEEEEING.
  1991 | D:3      | 1991 ||| FLEEEEING.
  1992 | D:3      | 1992 ||| FLEEEEING.
  1993 | D:3      | 1993 ||| FLEEEEING.
  1994 | D:3      | 1994 ||| FLEEEEING.
  2412 | D:3      | 2412 ||| READING 6 scrolls labelled BIEFITHR RIYMAE.
  2413 | D:3      | 2413 ||| READING 5 scrolls of identify.
  2413 | D:3      | 2413 ||| IDENTIFYING golden potion
  2414 | D:3      | 2414 ||| READING 4 scrolls of identify.
  2414 | D:3      | 2414 ||| IDENTIFYING glowing puce potion
  2415 | D:3      | 2415 ||| READING 3 scrolls of identify.
  2415 | D:3      | 2415 ||| IDENTIFYING inky potion
  2416 | D:3      | 2416 ||| READING 2 scrolls of identify.
  2416 | D:3      | 2416 ||| IDENTIFYING smoky cyan potion
  2417 | D:3      | 2417 ||| DROPPING potion of degeneration.
  2418 | D:3      | 2418 ||| DROPPING potion of magic.
  2444 | D:4      | Noticed Grinder
  2454 | D:4      | Killed Grinder
  2455 | D:4      | Reached skill level 7 in Ranged Weapons
  2455 | D:4      | Reached XP level 5. HP: 32/32 MP: 5/5
  2455 | D:4      | Reached XP level 6. HP: 37/37 MP: 6/6
  2505 | D:4      | Found a transporter.
  2630 | D:4      | Noticed qw's ghost (amateur GrHu)
  2676 | D:4      | Reached XP level 7. HP: 33/43 MP: 7/7
  2744 | D:4      | Noticed Duvessa
  2744 | D:4      | Noticed Dowan
  2750 | D:4      | Killed Duvessa
  2751 | D:4      | Killed Dowan
  2818 | D:4      | Found a staircase to the Ecumenical Temple.
  2819 | D:4      | 2819 ||| PLANNING TEMPLE
  2819 | D:4      | 2819 ||| DRINKING 2 fizzy purple potions.
  2820 | D:4      | 2820 ||| READING 2 scrolls of identify.
  2820 | D:4      | 2820 ||| IDENTIFYING sedimented sapphire potion
  2825 | Temple   | Entered the Ecumenical Temple
  2826 | Temple   | 2826 ||| PLANNING OKAWARU WORSHIP
  2834 | Temple   | Became a worshipper of Warmaster Okawaru
  2835 | Temple   | 2835 ||| PLANNING D:1-11
  2865 | D:4      | Found a transporter.
  2986 | D:5      | Entered Level 5 of the Dungeon
  2992 | D:5      | Found a stormy altar of Qazlal.
  2992 | D:5      | Found a bloodstained altar of Trog.
  3383 | D:5      | Reached skill level 8 in Ranged Weapons
  3636 | D:5      | Found a shimmering blue altar of Sif Muna.
  3640 | D:5      | 3640 ||| DROPPING scarf of harm.
  3641 | D:5      | 3641 ||| UPGRADING to +0 cloak.
  3646 | D:5      | 3646 ||| READING 2 scrolls of identify.
  3646 | D:5      | 3646 ||| IDENTIFYING black potion
  3647 | D:5      | 3647 ||| DROPPING potion of berserk rage.
  3872 | D:6      | Identified the +7 long sword "Olinwo" {heavy, Str-4 Int+4
                  | SInv}
  3998 | D:6      | Reached XP level 8. HP: 47/49 MP: 8/8
  4089 | D:6      | Reached * piety under Okawaru
  4116 | D:6      | Reached skill level 1 in Invocations
  4242 | D:6      | 4242 ||| INVOKING Heroism.
  4324 | D:6      | Found Ugunoryst's Antique Armour Shop.
  4332 | D:6      | 4332 ||| BUYING ring mail (96 gold).
  4332 | D:6      | Bought a ring mail for 96 gold pieces
  4626 | D:6      | 4626 ||| UPGRADING to +0 ring mail.
  4636 | D:6      | 4636 ||| DROPPING +0 leather armour.
  4637 | D:6      | 4637 ||| READING 2 scrolls of identify.
  4637 | D:6      | 4637 ||| IDENTIFYING red potion
  4718 | D:7      | Reached skill level 3 in Invocations
  4735 | D:7      | Reached skill level 9 in Ranged Weapons
  4783 | D:7      | Noticed Jeremiah
  4797 | D:7      | Killed Jeremiah
  4797 | D:7      | Reached ** piety under Okawaru
  4798 | D:7      | Reached skill level 6 in Fighting
  4798 | D:7      | Reached XP level 9. HP: 43/55 MP: 10/12
  4818 | D:7      | 4818 ||| FLEEEEING.
  4819 | D:7      | 4819 ||| FLEEEEING.
  4820 | D:7      | 4820 ||| FLEEEEING.
  4821 | D:7      | 4821 ||| FLEEEEING.
  4879 | D:7      | 4879 ||| READING scroll of enchant weapon.
  4879 | D:7      | 4879 ||| ENCHANTING +0 arbalest.
  4936 | D:7      | 4936 ||| INVOKING Heroism.
  5056 | D:7      | Found a shimmering altar of Xom.
  5097 | D:7      | 5097 ||| Stepping ~*~*~tactically~*~*~ (retreating).
  5098 | D:7      | 5098 ||| Stepping ~*~*~tactically~*~*~ (retreating).
  5099 | D:7      | 5099 ||| Stepping ~*~*~tactically~*~*~ (retreating).
  5100 | D:7      | 5100 ||| Stepping ~*~*~tactically~*~*~ (retreating).
  5101 | D:7      | 5101 ||| Stepping ~*~*~tactically~*~*~ (retreating).
  5102 | D:7      | 5102 ||| Stepping ~*~*~tactically~*~*~ (retreating).
  5103 | D:7      | 5103 ||| Stepping ~*~*~tactically~*~*~ (retreating).
  5150 | D:7      | Noticed Pikel
  5151 | D:7      | 5151 ||| RETREEAATING.
  5152 | D:7      | 5152 ||| STILL RETREEAATING.
  5153 | D:7      | 5153 ||| STILL RETREEAATING.
  5154 | D:7      | 5154 ||| INVOKING Heroism.
  5161 | D:7      | Killed Pikel
  5162 | D:7      | Reached skill level 10 in Ranged Weapons
  5168 | D:7      | 5168 ||| INVOKING Heroism.
  5175 | D:7      | Reached skill level 3 in Armour
  5305 | D:7      | 5305 ||| Stepping ~*~*~tactically~*~*~ (cloud).
  5306 | D:7      | 5306 ||| INVOKING Heroism.
  5307 | D:7      | HP: 12/56 [steam dragon] (10)]
  5308 | D:7      | 5308 ||| READING 5 scrolls of teleportation.
  5462 | D:7      | 5462 ||| INVOKING Heroism.
  5684 | D:7      | 5684 ||| UPGRADING to +1 robe of resistance.
  5694 | D:7      | 5694 ||| DROPPING +0 ring mail.
  5695 | D:7      | 5695 ||| READING scroll labelled HEID PYNEUROUS.
  5696 | D:7      | 5696 ||| READING scroll labelled XUPTIGUESCH.
  5697 | D:7      | 5697 ||| READING scroll labelled REIWOHEULLA.
  5698 | D:7      | 5698 ||| READING 2 scrolls of identify.
  5698 | D:7      | 5698 ||| IDENTIFYING green potion
  5699 | D:7      | 5699 ||| DROPPING potion of ambrosia.
  5722 | D:8      | 5722 ||| RETREEAATING.
  5723 | D:8      | 5723 ||| STILL RETREEAATING.
  5723 | D:8      | Noticed Maurice
  5724 | D:8      | 5724 ||| Stepping ~*~*~tactically~*~*~ (retreating).
  5725 | D:8      | 5725 ||| Stepping ~*~*~tactically~*~*~ (retreating).
  5726 | D:8      | 5726 ||| Stepping ~*~*~tactically~*~*~ (retreating).
  5726 | D:8      | HP: 13/57 [centaur/arrow (4)]
  5726 | D:8      | Blown up by Maurice

Levels and vault maps discovered:
D:1:      matt_arrival_diagonals, layout_basic
D:2:      layout_basic, minmay_splitting_lines
D:3:      layout_loops_ring, mainiacjoe_overflow_concentric_impassable,
          chequers_serial_rivers_micro_e
D:4:      layout_basic, minmay_temple_entry_ruins, gammafunk_ghost_stat_death,
          uniq_grinder, uniq_duvessa
D:5:      layout_cave_pools, gammafunk_temple_overflow_forgotten,
          roderic_lattice_a
D:6:      layout_loops_corners, serial_shops, nicolae_shop_tiny_statue_garden
D:7:      layout_rooms, mainiacjoe_overflow_chevrons, nicolae_eternal_life,
          uniq_jeremiah, uniq_pikel
D:8:      layout_cave_pools, old_standard_altar, serial_co_window_serial,
          co_window_paths_a, co_window_of_opportunity_a, co_window_corner_a,
          co_window_of_opportunity_a, co_window_paths_b, co_window_2corner,
          co_window_corner_ca, co_window_paths_c, co_window_broadway_c,
          co_window_paths_c, co_window_2corner, glass_columns_a,
          glass_columns_a, glass_columns_b, enter_bailey_5, uniq_gastronok,
          uniq_maurice
Temple:   eino_temple_scatter_basement

Skill      XL: |  1  2  3  4  5  6  7  8  9 |
---------------+----------------------------+-----
Ranged Weapons | 5 7 8 9 10 | 10.5
Fighting       | 3 4 5 6 7 |  7.1
Armour         | 2 3 |  3.0
Dodging        | 2 |  2.6
Invocations    | 4 |  4.4
Stealth        | |  1.1

Action                     |  1- 3 |  4- 6 |  7- 9 || total
---------------------------+-------+-------+-------++-------
   Fire: Shortbow          |    96 |       |       ||    96
         Arbalest          |       |    60 |   179 ||   239
 Invoke: Heroism           |       |       |     6 ||     6
    Use: Scroll            |     8 |     5 |     9 ||    22
         Potion            |     2 |       |     1 ||     3
 Armour: Leather armour    |    25 |    13 |    31 ||    69
         Ring mail         |       |       |    34 ||    34
         Robe              |       |       |     5 ||     5
  Dodge: Dodged            |    28 |    12 |    56 ||    96

Table legend:
 A = Non-vault XP
 B = Vault XP
 C = Vault XP percentage of total XP
 D = Non-vault monster count
 E = Vault monster count
 F = Vault count percentage of total count
                 A         B        C        D         E       F
            +---------+---------+-------+---------+---------+-------
      Total |    2302 |    1567 |  40.5 |     100 |       5 |   4.8
            +---------+---------+-------+---------+---------+-------
        D:1 |      26 |       0 |   0.0 |      14 |       0 |   0.0
        D:2 |      50 |       0 |   0.0 |      21 |       0 |   0.0
        D:3 |      35 |       0 |   0.0 |      15 |       0 |   0.0
        D:4 |     236 |     488 |  67.4 |      13 |       3 |  18.8
        D:5 |     318 |       0 |   0.0 |       8 |       0 |   0.0
        D:6 |     720 |       0 |   0.0 |      20 |       0 |   0.0
        D:7 |     917 |    1079 |  54.1 |       9 |       2 |  18.2
            +---------+---------+-------+---------+---------+-------
